 Dungeon Crawl Stone Soup version 0.29.0-13-gc9e81de378 (webtiles) character file.

Game seed: 8352055280122316443

164343 Ijustatesigmund the Warrior (level 17, -15/117 HPs)
             Began as a Gargoyle Fighter on Sept 7, 2022.
             Was the Champion of Cheibriados.
             Shot with an arrow by a satyr (24 damage)
             ... on level 4 of the Shoals on Sept 8, 2022.
             The game lasted 01:40:31 (36786 turns).

Ijustatesigmund the Warrior (Gargoyle Fighter)     Turns: 36786, Time: 01:40:32

Health: -15/117    AC: 43    Str: 41    XL:     17   Next: 85%
Magic:  19/27      EV: 13    Int: 29    God:    Cheibriados [******]
Gold:   1956       SH: 22    Dex: 24    Spells: 21/27 levels left

rFire   . . .      SeeInvis +   T - +6 demon whip (flame)
rCold   + . .      Faith    .   W - +1 tower shield {rC+}
rNeg    + . .      Spirit   .   c - +5 scale mail of Imasymny {Regen+ Int+3}
rPois   ∞          Reflect  .   p - +1 helmet
rElec   +          Harm     .   b - +1 cloak
rCorr   .          Rampage  .   i - +1 pair of gloves
Will    +....                   Q - +0 pair of boots
Stlth   +.........              (no amulet)
HPRegen 1.09/turn               K - ring "Udoijup" {AC+4 SInv}
MPRegen 0.20/turn               O - +4 ring of protection

@: on berserk cooldown, flying, studying Ice Magic, very slow
A: sickness immunity, AC +12, big wings, negative energy resistance 1,
electricity resistance, torment resistance 1, petrification resistance
a: Renounce Religion, Bend Time, Temporal Distortion, Slouch, Step From Time


You were on level 4 of the Shoals.
You worshipped Cheibriados.
Cheibriados was exalted by your worship.
You visited 6 branches of the dungeon, and saw 28 of its levels.
You also visited: Ossuary, Ice Cave and Volcano.

You collected 2826 gold pieces.
You spent 870 gold pieces at shops.

Inventory:

Hand Weapons
 j - a +5 flail of freezing
 T - a +6 demon whip of flaming (weapon)
Armour
 b - a +1 cloak (worn)
 c - the +5 scale mail of Imasymny (worn) {Regen+ Int+3}
   (You found it on level 5 of the Lair of Beasts)

   Int:       It affects your intelligence (+3).
   Regen:     It increases your rate of health regeneration.
 i - a +1 pair of gloves (worn)
 p - a +1 helmet (worn)
 E - +0 fire dragon scales
 Q - a +0 pair of boots (worn)
 V - the +1 pair of gloves of Prudence {rC+ Will+ rCorr Dex-5}
   (You found it in a volcano)

   Dex:       It affects your dexterity (-5).
   rC:        It protects you from cold.
   rCorr:     It protects you from acid and corrosion.
   Will:      It increases your willpower.
 W - a +1 tower shield of cold resistance (worn)
Jewellery
 r - a ring of fire
 s - a +6 ring of intelligence
 y - a ring of ice
 F - the ring of Jomium {rN+ rCorr Str-3 Int+2}
   (You found it on level 9 of the Dungeon)

   [ring of resist corrosion]

   Str:       It affects your strength (-3).
   Int:       It affects your intelligence (+2).
   rN:        It protects you from negative energy.
   rCorr:     It protects you from acid and corrosion.
 K - the ring "Udoijup" (left hand) {AC+4 SInv}
   (You bought it in a shop on level 9 of the Dungeon)

   [ring of protection]

   AC:        It affects your AC (+4).
   SInv:      It lets you see invisible.
 O - a +4 ring of protection (right hand)
Wands
 f - a wand of flame (12)
 t - a wand of polymorph (6)
 v - a wand of paralysis (30)
 x - a wand of quicksilver (6)
 B - a wand of roots (34)
 C - a wand of mindburst (5)
Scrolls
 a - a scroll of torment
 e - 5 scrolls of amnesia
 h - 2 scrolls of poison
 m - 2 scrolls of summoning
 n - a scroll of enchant armour
 q - 7 scrolls of vulnerability
 w - 6 scrolls of immolation
 G - a scroll of fog
 H - 4 scrolls of magic mapping
 I - a scroll of brand weapon
 Y - 4 scrolls of identify
Potions
 d - 5 potions of curing
 g - 5 potions of resistance
 l - 6 potions of brilliance
 o - 7 potions of mutation
 u - 3 potions of attraction
 z - 5 potions of might
 A - 2 potions of cancellation
 D - 8 potions of lignification
 R - a potion of ambrosia
 U - a potion of magic
 X - a potion of berserk rage
Miscellaneous
 M - a lightning rod (4/4)


   Skills:
 + Level 17.1 Fighting
 + Level 15.1 Maces & Flails
 - Level 10.0 Armour
 - Level 5.8 Dodging
 + Level 13.4 Shields
 - Level 5.9 Spellcasting
 - Level 7.5 Translocations
 + Level 14.4 Invocations
 - Level 5.5 Evocations


You had 21 spell levels left.
You knew the following spells:

 Your Spells              Type           Power      Damage    Failure   Level
a - Apportation           Tloc           100%       N/A       1%          1
b - Blink                 Tloc           100%       N/A       2%          2
c - Lesser Beckoning      Tloc           51%        N/A       5%          3

Your spell library contained the following spells:

 Spells                   Type           Power      Damage    Failure   Level
 Beastly Appendage        Tmut           16%        N/A       36%         1
 Necrotise                Necr           32%        1d5       36%         1
 Shock                    Conj/Air       32%        1d5       36%         1
 Slow                     Hex            32%        N/A       36%         1
 Summon Small Mammal      Summ           32%        N/A       36%         1
 Manifold Assault         Tloc           51%        N/A       43%         5
 Wereblood                Tmut           8%         N/A       52%         2
 Iskenderun's Mystic Bla  Conj/Tloc      30%        2d8       63%         4
 Call Canine Familiar     Summ           8%         N/A       75%         3
 Confusing Touch          Hex            8%         N/A       75%         3
 Conjure Flame            Conj/Fire      8%         6-21      75%         3
 Dazzling Flash           Conj/Hex       16%        N/A       75%         3
 Spider Form              Tmut/Pois      8%         N/A       75%         3
 Stone Arrow              Conj/Erth      16%        3d8       75%         3
 Swiftness                Air            8%         N/A       75%         3
 Vampiric Draining        Necr           8%         2d6       75%         3
 Summon Forest            Summ/Tloc      15%        N/A       92%         5
 Airstrike                Air            4%         2d(1-17)  98%         4
 Animate Armour           Summ/Erth      16%        N/A       98%         4
 Animate Dead             Necr           8%         N/A       98%         4
 Hailstorm                Conj/Ice       8%         3d4       98%         4
 Ice Form                 Ice/Tmut       8%         N/A       98%         4
 Petrify                  Tmut/Erth      8%         N/A       98%         4
 Borgnjor's Vile Clutch   Necr/Erth      4%         N/A       100%        5
 Fireball                 Conj/Fire      4%         3d4       100%        5
 Irradiate                Conj/Tmut      4%         3d13      100%        5
 Iskenderun's Battlesphe  Conj           8%         2d6       100%        5
 Metabolic Englaciation   Hex/Ice        4%         N/A       100%        5
 Summon Mana Viper        Hex/Summ       8%         N/A       100%        5
 Death Channel            Necr           4%         N/A       100%        6
 Iron Shot                Conj/Erth      4%         9d2       100%        6
 Simulacrum               Ice/Necr       4%         N/A       100%        6
 Starburst                Conj/Fire      4%         6d3       100%        6
 Summon Cactus Giant      Summ           4%         N/A       100%        6
 Haunt                    Necr/Summ      4%         N/A       100%        7
 Spellforged Servitor     Conj/Summ      4%         N/A       100%        7
 Ignition                 Fire           4%         3d4       100%        8
 Infestation              Necr           4%         N/A       100%        8
 Lehudib's Crystal Spear  Conj/Erth      4%         10d3      100%        8
 Summon Horrible Things   Summ           4%         N/A       100%        8
 Sublimation of Blood     Necr           Unusable   N/A       N/A         2
 Statue Form              Tmut/Erth      Unusable   N/A       N/A         6

Dungeon Overview and Level Annotations

Branches:
Dungeon (15/15)            Temple (1/1) D:7            Lair (5/5) D:9
 Shoals (4/4) Lair:3       Spider (0/4) Lair:2        Slime (0/5) Lair:4
    Orc (2/2) D:12            Elf (0/3) Orc:2        Vaults (0/5) D:13
 Depths (1/4) D:15        Ossuary (visited)           IceCv (visited)
Volcano (visited)

Altars:
Ashenzari
Cheibriados
Dithmenos
Elyvilon
Fedhas
Gozag
Hepliaklqana
Kikubaaqudgha
Makhleb
Nemelex Xobeh
Okawaru
Qazlal
Sif Muna
Trog
Uskayaw
Vehumet
Wu Jian
Xom
Yredelemnul
Zin
Jiyva

Shops:
D:6 *   D:9 =*   Orc:2 (*=!   Shoals:4 :

Annotations:
D:12 2 transporters, lis82's ghost, journeyman DgAE
Temple 2 transporters
Shoals:3 Polyphemus
Shoals:4 Nikola


Innate Abilities, Weirdness & Mutations

You are immune to sickness and miasma.
Your stone body is resilient. (AC +12)
You are immune to poison.
Your large and strong wings let you fly.
You resist negative energy. (rN+)
You are resistant to electric shocks. (rElec)
You are resistant to unholy torment.
You are immune to petrification.


Message History

* * * LOW HITPOINT WARNING * * *
The satyr shoots an arrow.
You block the arrow.
Unknown command.
Okay, then.
Unknown command.
You feel yourself speed up.
The wind drake is engulfed in poison gas.
The wind drake is poisoned.
The merfolk javelineer is engulfed in poison gas.
The merfolk javelineer is poisoned.
The wind drake is engulfed in poison gas.
The wind drake looks even sicker.
The merfolk javelineer is engulfed in poison gas.
The merfolk javelineer is poisoned.
The merfolk javelineer throws a silver javelin.
The silver javelin misses you.
The merfolk javelineer is engulfed in poison gas.
The merfolk javelineer looks even sicker.
The merfolk javelineer throws a silver javelin.
The silver javelin pierces through you but does no damage.
* * * LOW HITPOINT WARNING * * *
The wind drake is engulfed in poison gas.
The wind drake looks even sicker.
The wind drake flaps its wings at you. The air twists around and strikes you.
The merfolk javelineer is engulfed in poison gas.
The merfolk javelineer looks even sicker.
The merfolk javelineer throws a silver javelin.
The silver javelin pierces through you but does no damage.
* * * LOW HITPOINT WARNING * * *
The satyr shoots an arrow.
You block the arrow.
The merfolk javelineer is engulfed in poison gas.
The merfolk javelineer looks even sicker.
The merfolk javelineer throws a silver javelin.
The silver javelin pierces through you!
* * * LOW HITPOINT WARNING * * *
x2 The wind drake is engulfed in poison gas.
The wind drake looks as sick as possible!
The satyr shoots an arrow.
The arrow hits you!!
You die...

§§§§§§§§§§§§§§§ §§§§§§§§§§§§§§§
§.§§§.§§§§§§§§§
#.mm§§§§§§§§§§§..##....~
#§§§§§§§§§§§§§§ .......P
§§§§§§§§§§§§§§§. .......
§§§§§§§k.§§§§§§.. ......
##§§§§§c§§§§§§§~..#.....
#§§§§§§@§§§§§§§~.......~
§§§§§§§§§§§§§§§~~~~~.@~~
###..~~~~§§§§§§§§§§§§§§§~~~~~~~~÷
......~~~§§§§§§§§§§§§§§§~~~~~~~~~
.......~~§§§§§§§§§§§§§§§...~~~~~~
.......~~§§§§§§§§§§§§§§§c##.~~~~~
.......~t§§§§§§§§§§§§§§§...~~~~~~
~.....~~~~~~~≈≈≈≈≈~~~~~.~~~~~~~~≈
~~~.§~~~~~~~~≈≈≈≈≈≈~ ..~~~~~~≈≈


You could see 2 merfolk javelineers, a satyr and a wind drake (repels missiles,
extremely poisoned).

Vanquished Creatures
  Kirke (D:14)
  The ghost of Kilet the Geomancer, an adept GrEE of Vehumet (D:14)
  A frost giant (Shoals:1)
  2 stone giants
  A reaper (IceCv)
  Nessos (Lair:4)
  The ghost of Ythros the Thaumaturge, a journeyman DECj of Sif Muna (Orc:1)
  An ettin (D:12)
  5 merfolk javelineers
  A deep elf high priest (D:12)
  Josephine (D:10)
  5 merfolk impalers (Shoals:4)
  A spectral spriggan (D:14)
  6 hydras
  2 rakshasas
  3 vault guards (D:13)
  A boulder beetle (D:13)
  2 ogre magi (Orc:2)
  5 catoblepae
  11 centaur warriors
  8 merfolk avatars
  Erica (Lair:2)
  9 two-headed ogres
  A deep troll shaman (Lair:5)
  A spectral fire giant (D:14)
  2 alligator snapping turtles (Shoals:4)
  9 death yaks
  6 merfolk aquamancers (Shoals:4)
  A spectral frost giant (D:14)
  A tengu warrior (D:15)
  A hell knight (D:15)
  Sonja (D:11)
  6 skeletal warriors
  3 deep trolls
  10 sea snakes
  3 lindwurms
  A spectral iron dragon (D:14)
  3 deep elf pyromancers
  28 harpies
  2 orc knights
  A deep elf zephyrmancer (D:15)
  2 necromancers
  14 manticores
  2 stone giant zombies (D:14)
  13 ugly things
  3 fauns (Shoals:1)
  15 cyclopes
  4 orc sorcerers
  14 elephants
  Joseph (D:7)
  Maurice (D:12)
  An elephant (shapeshifter) (D:13)
  An eye of devastation (shapeshifter) (D:13)
  3 black mambas
  An apocalypse crab (Shoals:3)
  An ice statue (IceCv)
  10 merfolk sirens
  5 molten gargoyles (Volcano)
  3 gargoyles
  2 water nymphs
  8 cane toads
  3 efreet (Volcano)
  5 komodo dragons
  4 rime drakes
  3 kobold demonologists
  A spark wasp simulacrum (D:14)
  2 freezing wraiths
  2 tengu conjurers (D:15)
  15 merfolk
  3 polar bears
  4 wind drakes
  12 trolls
  6 meliai (D:14)
  2 hornets
  16 snapping turtles
  3 jumping spiders (Lair:2)
  8 dream sheep
  3 blink frogs (Lair:5)
  19 slime creatures
  Sigmund (D:6)
  6 wyverns
  3 culicivoras (Lair:2)
  4 water elementals
  2 shadows
  5 humans (D:13)
  6 wraiths
  5 basilisks
  A hog (D:14)
  2 dire elephant simulacra (IceCv)
  A golden eye (shapeshifter) (D:15)
  29 yaks
  A fire elemental (Volcano)
  A steam dragon (D:7)
  2 death yak simulacra (IceCv)
  9 vampire mosquitoes
  2 harpy simulacra (IceCv)
  10 water moccasins
  2 wargs (Orc:1)
  A human zombie (D:14)
  2 acid dragons
  2 ice beasts
  12 orc warriors
  A sky beast (D:7)
  3 black bears
  7 centaurs
  10 wolves
  20 ogres
  A phantom (D:5)
  4 kobold brigands
  8 bullfrogs
  4 necrophages
  4 scorpions
  5 water moccasin zombies (Ossuary)
  7 two-headed ogre simulacra (IceCv)
  An earth elemental (Volcano)
  3 gnoll sergeants
  A cane toad simulacrum (IceCv)
  12 wights
  A killer bee (D:11)
  10 howler monkeys
  7 jellies
  6 hounds
  Crazy Yiuf (D:7)
  10 orc priests
  2 iguanas
  19 orc wizards
  6 hell rats (Lair:1)
  7 troll simulacra (IceCv)
  2 polar bear simulacra (IceCv)
  A wolf simulacrum (IceCv)
  6 spriggan simulacra (IceCv)
  2 mummies (Ossuary)
  9 adders
  9 gnolls
  3 naga simulacra (IceCv)
  4 shadow imps
  2 white imps (IceCv)
  8 ufetubi (IceCv)
  5 adder zombies (Ossuary)
  2 worms
  2 dart slugs
  55 orcs
  8 bats
  12 endoplasms
  3 giant cockroaches
  3 gnoll zombies (Ossuary)
  7 goblins
  4 hobgoblins
  3 jackals (D:2)
  28 kobolds
  2 quokkas (D:1)
  5 ball pythons
  4 frilled lizards
  3 hobgoblin zombies (Ossuary)
  9 kobold zombies (Ossuary)
  2 orc zombies (Ossuary)
  8 rats
  2 fire vortices (Volcano)
847 creatures vanquished.

Vanquished Creatures (collateral kills)
  Maggie (D:7)
  An orc wizard (D:7)
  A goblin (D:2)
  A hobgoblin (D:2)
4 creatures vanquished.

Vanquished Creatures (others)
  A vault guard (D:13)
  A glowing orange brain (shapeshifter) (D:14)
  A deep elf pyromancer (D:14)
  3 humans (D:13)
  An orc (D:4)
  A bush (D:9)
  3 fire vortices (Volcano)
  15 fungi
  110 plants
  11 toadstools (D:2)
147 creatures vanquished.

Grand Total: 998 creatures vanquished

Notes
Turn   | Place    | Note
-------+----------+-------------------------------------------
     0 | D:1      | Ijustatesigmund the Gargoyle Fighter began the quest for
                  | the Orb.
     0 | D:1      | Reached XP level 1. HP: 14/14 MP: 1/1
   109 | D:1      | Reached XP level 2. HP: 19/19 MP: 2/2
   586 | D:1      | Reached XP level 3. HP: 20/24 MP: 3/3
   640 | D:1      | Reached skill level 4 in Fighting
  1096 | D:2      | Reached XP level 4. HP: 5/30 MP: 4/4
  1109 | D:2      | Reached XP level 5. HP: 7/34 MP: 5/5
  1556 | D:2      | Found a faded altar of an unknown god.
  1977 | D:2      | Reached skill level 5 in Fighting
  2828 | D:3      | Found the +1 Delatra's gloves {ID++}
  3468 | D:4      | Reached XP level 6. HP: 40/40 MP: 6/6
  3631 | D:4      | Reached skill level 6 in Fighting
  3657 | D:4      | Reached skill level 5 in Maces & Flails
  3988 | D:4      | Reached XP level 7. HP: 47/47 MP: 7/7
  4598 | D:5      | Entered Level 5 of the Dungeon
  4710 | D:5      | Identified the +7 short sword "Litig" {antimagic, +Blink
                  | Will+ Int-5}
  4725 | D:5      | Reached skill level 7 in Fighting
  5206 | D:5      | Reached XP level 8. HP: 54/54 MP: 8/8
  5338 | D:5      | Reached skill level 8 in Fighting
  6100 | D:6      | Reached skill level 9 in Fighting
  6255 | D:6      | Found Ceppir's Elemental Accessories.
  6608 | D:6      | Noticed a troll
  6615 | D:6      | Killed a troll
  6616 | D:6      | Reached XP level 9. HP: 61/61 MP: 9/9
  6836 | D:6      | Noticed Sigmund
  6842 | D:6      | Killed Sigmund
  7091 | D:7      | Found a staircase to the Ecumenical Temple.
  7144 | D:7      | Reached skill level 5 in Armour
  7154 | D:7      | Reached skill level 10 in Fighting
  7480 | D:7      | Noticed Joseph
  7502 | D:7      | Killed Joseph
  7725 | D:7      | Found a sand-covered staircase.
  7730 | Ossuary  | Entered an ossuary
  7805 | Ossuary  | Reached XP level 10. HP: 68/68 MP: 10/10
  7878 | Ossuary  | Reached skill level 1 in Evocations
  8034 | D:7      | Noticed Maggie
  8131 | D:7      | Killed Maggie
  8316 | D:7      | Found a runed translucent door.
  8317 | D:7      | Noticed Crazy Yiuf
  8324 | D:7      | Killed Crazy Yiuf
  8353 | D:7      | Found a basalt altar of Yredelemnul.
  8355 | D:7      | Found a bloodstained altar of Trog.
  8700 | D:8      | Reached skill level 11 in Fighting
  8722 | D:8      | Reached skill level 1 in Dodging
  8739 | D:8      | Reached skill level 10 in Maces & Flails
  9218 | D:8      | Learned a level 1 spell: Apportation
  9542 | D:9      | Reached skill level 1 in Translocations
 10035 | D:8      | Reached XP level 11. HP: 67/76 MP: 11/11
 10160 | Temple   | Entered the Ecumenical Temple
 10160 | Temple   | Found a transporter.
 10160 | Temple   | Found a transporter.
 10162 | Temple   | Found a transporter.
 10162 | Temple   | Found a transporter.
 10179 | Temple   | Became a worshipper of Cheibriados the Contemplative
 10293 | D:9      | Found a burning altar of Makhleb.
 10667 | D:9      | Identified the ring of Jomium {rN+ rCorr Str-3 Int+2}
 10771 | D:9      | Reached * piety under Cheibriados
 10829 | D:9      | Reached skill level 12 in Fighting
 10941 | D:9      | Found Zouf's Jewellery Emporium.
 10979 | D:9      | Found a staircase to the Lair.
 10986 | D:9      | Found Laxoeseo's Lightly-Used Armoury.
 11229 | D:10     | Entered Level 10 of the Dungeon
 11266 | D:10     | Noticed Josephine
 11281 | D:10     | Killed Josephine
 11282 | D:10     | Reached skill level 1 in Invocations
 11823 | D:10     | Found a shimmering altar of Xom.
 12008 | D:10     | Found a shadowy altar of Dithmenos.
 12184 | D:10     | Noticed a skeletal warrior
 12335 | D:11     | Noticed a manticore
 12351 | D:11     | Killed a manticore
 12354 | D:11     | Noticed Sonja
 12380 | D:11     | Killed Sonja
 13053 | D:11     | Noticed a cyclops
 13066 | D:11     | Killed a cyclops
 13565 | D:9      | Bought the ring "Udoijup" {AC+4 SInv} for 660 gold pieces
 13778 | D:10     | Found a broken altar of Ashenzari.
 13835 | D:10     | Killed a skeletal warrior
 13836 | D:10     | Reached XP level 12. HP: 7/82 MP: 13/15
 14203 | D:10     | Found a faded altar of an unknown god.
 14204 | D:10     | Found a hazy altar of Hepliaklqana.
 14458 | D:11     | Reached ** piety under Cheibriados
 14878 | D:12     | Noticed a centaur warrior
 14891 | D:12     | Killed a centaur warrior
 14892 | D:12     | Reached skill level 5 in Invocations
 15185 | D:12     | Noticed a boulder beetle
 15186 | D:12     | Found a transporter.
 15186 | D:12     | Noticed lis82's ghost (journeyman DgAE)
 15187 | D:12     | Found a transporter.
 15187 | D:12     | Noticed a tengu reaver
 15188 | D:12     | Noticed a tengu reaver
 15188 | D:12     | Noticed a boulder beetle
 15193 | D:12     | Noticed a deep troll earth mage
 15245 | D:12     | Noticed Maurice
 15269 | D:12     | Killed Maurice
 15364 | D:12     | Noticed a rakshasa
 15382 | D:12     | Killed a rakshasa
 15459 | D:12     | Found a staircase to the Orcish Mines.
 15759 | D:12     | Reached skill level 5 in Shields
 16073 | D:12     | Identified the ring "Ynocuonk" {Will- Str+4 SInv Stlth+}
 16341 | D:12     | Noticed a centaur warrior
 16341 | D:12     | Noticed a centaur warrior
 16354 | D:12     | Killed a centaur warrior
 16355 | D:12     | Reached skill level 5 in Evocations
 16360 | D:12     | Noticed an ettin
 16364 | D:12     | Noticed a storm dragon
 16658 | D:13     | Noticed a boulder beetle
 16706 | D:12     | Killed a centaur warrior
 16939 | D:12     | Identified the +3 great sword of Eternal Night {vorpal,
                  | Str+3}
 16939 | D:12     | Noticed a deep elf high priest
 16949 | D:12     | Killed a deep elf high priest
 17238 | D:12     | Got the Incunable of Collective Confrontation
 17719 | D:12     | Killed an ettin
 17797 | D:13     | Killed a boulder beetle
 17798 | D:13     | Reached skill level 13 in Fighting
 17814 | D:13     | Noticed a two-headed ogre
 17820 | D:13     | Killed a two-headed ogre
 18105 | D:13     | Noticed a storm dragon
 18329 | D:13     | Killed a vault guard
 18446 | Lair:1   | Entered Level 1 of the Lair of Beasts
 18461 | Lair:1   | Reached XP level 13. HP: 65/88 MP: 18/18
 18477 | Lair:1   | Reached *** piety under Cheibriados
 20139 | Lair:2   | Reached **** piety under Cheibriados
 20151 | Lair:2   | Reached skill level 5 in Translocations
 20506 | Lair:2   | Noticed Erica
 20515 | Lair:2   | Killed Erica
 20742 | Lair:2   | Found a hole to the Spider Nest.
 21693 | Lair:3   | Found a dark tunnel.
 21698 | Volcano  | Entered a volcano
 21753 | Volcano  | Reached skill level 14 in Fighting
 22821 | Volcano  | Identified the +1 pair of gloves of Prudence {rC+ Will+
                  | rCorr Dex-5}
 22892 | Lair:3   | Found a staircase to the Shoals.
 23509 | Lair:4   | Gained mutation: Your large and strong wings let you fly.
                  | [Gargoyle growth]
 23509 | Lair:4   | Reached XP level 14. HP: 88/96 MP: 21/21
 23612 | Lair:4   | Noticed Nessos
 23616 | Lair:4   | Killed Nessos
 23902 | Lair:4   | Found a viscous altar of Jiyva.
 23902 | Lair:4   | Found a staircase to the Slime Pits.
 24012 | Lair:5   | Entered Level 5 of the Lair of Beasts
 24201 | Lair:5   | Reached skill level 10 in Invocations
 24647 | Lair:5   | Reached skill level 5 in Dodging
 25732 | Lair:5   | Reached ***** piety under Cheibriados
 25981 | Lair:5   | Identified the +5 scale mail of Imasymny {Regen+ Int+3}
 26335 | Orc:1    | Entered Level 1 of the Orcish Mines
 26478 | Orc:1    | Noticed Ythros's ghost (journeyman DECj)
 26488 | Orc:1    | Found a runed translucent gate.
 26488 | Orc:1    | Found a runed translucent gate.
 26536 | Orc:1    | Found a runed translucent gate.
 26580 | Orc:1    | Reached skill level 10 in Armour
 26627 | Orc:1    | Paralysed by an orc sorcerer for 5 turns
 26644 | Orc:1    | Found a frozen archway.
 26664 | IceCv    | Entered an ice cave
 26673 | IceCv    | Learned a level 2 spell: Blink
 27549 | IceCv    | Identified the +6 ring mail of the Fiddle {rN+ Dex+3
                  | Stlth+}
 27864 | IceCv    | Noticed a reaper
 27877 | IceCv    | Killed a reaper
 27903 | IceCv    | Identified the +5 ring mail "Texut" {Int+6}
 28253 | Orc:2    | Entered Level 2 of the Orcish Mines
 28385 | Orc:2    | Reached ****** piety under Cheibriados
 28386 | Orc:2    | Reached XP level 15. HP: 85/100 MP: 23/23
 28407 | Orc:2    | Reached skill level 1 in Spellcasting
 28479 | Orc:2    | Reached skill level 5 in Spellcasting
 28489 | Orc:2    | Found Teppocleghy's Antique Weapon Emporium.
 28500 | Orc:2    | Found Oskotoas's Jewellery Boutique.
 28551 | Orc:2    | Found Luowui's Distillery.
 28552 | Orc:2    | Found Rumoroc's General Store.
 28574 | Orc:2    | Bought a potion of curing for 45 gold pieces
 28574 | Orc:2    | Bought a potion of might for 60 gold pieces
 28574 | Orc:2    | Bought a potion of might for 60 gold pieces
 28574 | Orc:2    | Bought a potion of curing for 45 gold pieces
 28902 | Orc:2    | Found a staircase to the Elven Halls.
 28930 | Orc:2    | Found a burning altar of Makhleb.
 29754 | D:13     | Found a gate to the Vaults.
 29906 | D:13     | Found a blossoming altar of Fedhas.
 30288 | D:14     | Noticed Kirke
 30301 | D:14     | Killed Kirke
 30412 | D:14     | Reached skill level 10 in Shields
 31056 | D:14     | Found a runed translucent gate.
 31056 | D:14     | Found a runed translucent gate.
 31056 | D:14     | Found a runed translucent gate.
 31057 | D:14     | Noticed Kilet's ghost (adept GrEE)
 31588 | Orc:1    | Killed Ythros's ghost
 31745 | D:14     | Killed Kilet's ghost
 31751 | D:14     | Reached skill level 15 in Fighting
 31799 | D:14     | Reached XP level 16. HP: 86/108 MP: 24/24
 31896 | D:14     | Learned a level 3 spell: Lesser Beckoning
 31922 | D:15     | Entered Level 15 of the Dungeon
 32655 | D:15     | Found a staircase to the Depths.
 32910 | Depths:1 | Entered Level 1 of the Depths
 33155 | Shoals:1 | Entered Level 1 of the Shoals
 34416 | Shoals:2 | Reached skill level 16 in Fighting
 34750 | Shoals:2 | Reached XP level 17. HP: 105/115 MP: 21/27
 35741 | Shoals:3 | Noticed Polyphemus
 35753 | Shoals:4 | Entered Level 4 of the Shoals
 36427 | Shoals:4 | Identified the ring "Gyfoax" {rPois Str+4}
 36428 | Shoals:4 | Noticed Nikola
 36547 | Shoals:4 | Reached skill level 15 in Maces & Flails
 36567 | Shoals:4 | Reached skill level 17 in Fighting
 36567 | Shoals:4 | Found Daxewket's Book Emporium.
 36786 | Shoals:4 | Shot with an arrow by a satyr

Illustrated notes

Levels and vault maps discovered:
D:1:      dpeg_arrival_lava_altar, layout_basic, minivault_25
D:2:      cheibrodos_fertilizer, layout_basic,
          hellmonk_ecumenical_altar_inner_sanctum
D:3:      layout_basic, pf_guarded_unrand_delatra
D:4:      layout_loops_ring
D:5:      layout_basic
D:6:      minmay_spotlight, layout_gridville, nicolae_elemental_shop,
          uniq_sigmund
D:7:      layout_basic, nicolae_overflow_hidden_temple,
          minmay_temple_entry_antechambers, enter_ossuary_2, uniq_maggie,
          uniq_joseph, uniq_crazy_yiuf_cottage
D:8:      layout_rooms
D:9:      layout_basic, lightli_temple_of_fire, minmay_lair_entry_grove,
          serial_shops, shop, minmay_shop_damaged
D:10:     layout_irregular_city, general_overflow_altar,
          beargit_hepliaklqana_dungeon_heroes,
          mainiacjoe_overflow_catch_the_wave, uniq_josephine
D:11:     layout_irregular_city, minmay_circle_x, uniq_sonja
D:12:     minmay_shrinking_squares, layout_basic, orc_0_dummy,
          gammafunk_ghost_arena, uniq_maurice
D:13:     layout_basic, ximxim_vaults_locker_room,
          amcnicky_mini_corridor_feature, fedhas_altar_fruit_tree
D:14:     kennysheep_big_flooded_room, layout_layer_cave,
          hangedman_decor_opposing, gammafunk_ghost_necromancy, uniq_kirke
D:15:     hangedman_depths_entry_civil_slaughter, layout_gridville, minivault_4
Temple:   hellmonk_temple_divided_pantheon
Lair:1:   layout_gridlike, chequers_serial_rivers_small_b, lemuel_fruit_fields
Lair:2:   layout_chaotic_city, nicolae_spider_entry_tight_spaces, minmay_holes,
          lemuel_fruit_fields, uniq_erica
Lair:3:   layout_misc_corridors, shoals_dummy_entry,
          nicolae_volcano_entry_s_turn
Lair:4:   layout_long_grid, dpeg_slime_entry_enclosed, patterned_corridor,
          uniq_nessos
Lair:5:   grunt_lair_end_beastmaster, layout_regular_city,
          bh_autumn_forest_stairs
Shoals:1: layout_shoals, st_shoals_ruin
Shoals:2: nzn_motion_control, layout_shoals
Shoals:3: layout_shoals, nicolae_shoals_stone_sculpture_thing,
          nicolae_shoals_abyss_on_the_beach, uniq_roxanne, uniq_polyphemus
Shoals:4: shoals_end_simple, layout_shoals, serial_shops,
          nicolae_shop_hallway_stairs, uniq_nikola
Orc:1:    nicolae_orc_accident_2, layout_diamond_mine, gammafunk_ghost_split,
          portal_ice_cave_rime
Orc:2:    st_orc_open, layout_diamond_mine, basic_altar, mines2_david
Depths:1: layout_cave_shapes, pan_entry, grunt_mini_vestibule, st_stairs_6,
          minmay_librarian

Skill      XL: |  1  2  3  4  5  6  7  8  9 10 11 12 13 14 15 16 17 |
---------------+----------------------------------------------------+-----
Fighting       | 4 5 6 7 9 10 11 12 13 14 15 16 17 | 17.1
Maces & Flails | 3 4 5 6 8 9 10 11 12 13 14 15 | 15.1
Armour         | 6 7 8 10 | 10.0
Evocations     | 3 5 |  5.5
Dodging        | 3 4 5 |  5.8
Translocations | 2 3 4 5 7 |  7.5
Invocations    | 4 7 9 10 11 13 14 | 14.4
Shields        | 6 7 9 10 12 13 | 13.4
Spellcasting   | 5 |  5.9

Action                   |  1- 3 |  4- 6 |  7- 9 | 10-12 | 13-15 | 16-18 || total
-------------------------+-------+-------+-------+-------+-------+-------++-------
Melee: Flail             |   113 |   209 |   336 |   955 |  1341 |   811 ||  3765
       Demon whip        |       |       |       |       |       |   247 ||   247
 Cast: Lesser Beckoning  |       |       |       |       |       |    33 ||    33
       Blink             |       |       |       |       |       |     2 ||     2
Invok: Bend Time         |       |       |       |     1 |       |       ||     1
       Slouch            |       |       |       |       |     6 |     2 ||     8
       Step From Time    |       |       |       |       |       |     3 ||     3
Evoke: Wand              |       |       |     1 |    33 |    25 |     6 ||    65
  Use: Scroll            |     6 |     5 |    10 |    17 |     8 |    20 ||    66
       Potion            |       |     2 |     4 |     9 |     2 |    11 ||    28
 Stab: Paralysed         |       |       |     2 |    33 |     2 |       ||    37
       Invisible         |       |       |     1 |       |       |       ||     1
       Distracted        |       |       |       |       |       |     1 ||     1
       Petrified         |       |       |       |       |       |     3 ||     3
       Petrifying        |       |       |       |       |       |     1 ||     1
Armor: Scale mail        |    63 |   140 |   219 |    62 |   346 |   691 ||  1521
       Steam dragon scal |       |       |       |   193 |       |       ||   193
       Acid dragon scale |       |       |       |    61 |       |       ||    61
       Skin              |       |       |       |     5 |       |       ||     5
       Chain mail        |       |       |       |   177 |   490 |       ||   667
Dodge: Dodged            |    38 |    92 |   178 |   380 |   604 |   488 ||  1780
Block: Buckler           |    36 |    46 |    56 |   162 |       |       ||   300
       Kite shield       |       |       |       |   125 |   750 |       ||   875
       Tower shield      |       |       |       |       |   351 |  1289 ||  1640
